 Dungeon Crawl Stone Soup version 0.30.0-29-ga12c61a403 (webtiles) character file.

Game seed: 4089205870782727510

76 seaoflcl the Shield-Bearer (level 4, -5/40 HPs)
             Began as a Minotaur Fighter on June 7, 2023.
             Constricted to death by Grinder (7 damage)
             ... on level 3 of the Dungeon.
             The game lasted 00:01:43 (1086 turns).

seaoflcl the Shield-Bearer (Minotaur Fighter)       Turns: 1086, Time: 00:01:43

Health: -5/40      AC:  8    Str: 23    XL:     4   Next: 12%
Magic:  3/3        EV:  6    Int:  5    God:
Gold:   78         SH:  4    Dex:  9    Spells: 3/3 levels left

rFire   . . .        a - +0 war axe
rCold   . . .        c - +0 buckler
rNeg    . . .        b - +0 scale mail
rPois   .            (helmet restricted)
rElec   .            (no cloak)
rCorr   .            (no gloves)
SInv    .            i - +0 pair of boots
Will    .....        (no amulet) Stlth
                     (no ring)
HPRegen 0.26/turn    (no ring)
MPRegen 0.08/turn

%: no passive effects
@: mighty, grasped by roots, constricted
A: horns 2, retaliatory headbutt
a: no special abilities


You were on level 3 of the Dungeon.
You visited 1 branch of the dungeon, and saw 3 of its levels.

You collected 78 gold pieces.

Inventory:

Hand Weapons
 a - a +0 war axe (weapon)
Armour
 b - a +0 scale mail (worn)
 c - a +0 buckler (worn)
 i - a +0 pair of boots (worn)
Jewellery
 k - a +6 ring of dexterity
 m - an amulet of magic regeneration
Scrolls
 e - 4 scrolls of identify {unknown}
 g - a scroll of brand weapon {unknown}
 h - a scroll of fog {unknown}
 j - a scroll of enchant weapon {unknown}
 n - a scroll of poison {unknown}
 o - a scroll of teleportation {unknown}
Potions
 d - a potion of might
 f - a potion of brilliance {unknown}
 l - a potion of lignification {unknown}


   Skills:
 + Level 4.2 Fighting
 * Level 3.8 Axes
 + Level 4.2 Armour
 + Level 4.2 Shields


You had 3 spell levels left.
You didn't know any spells.
Your spell library contained the following spells:

 Spells                   Type           Power      Damage    Failure   Level
 Foxfire                  Conj/Fire      0%         2x1d4     85%         1


Dungeon Overview and Level Annotations

Branches:
Dungeon (2/15)

Altars:

Shops:
D:1 [

Annotations:
D:3 Grinder


Innate Abilities, Weirdness & Mutations

You have a pair of horns on your head.
You reflexively headbutt those who attack you in melee.


Message History

You hit the ball python.
You kill the ball python!
You barely miss the adder. The adder bites you but does no damage.
The adder barely misses you.
Grinder zaps a wand.
The roots erupt in riotous growth!
The grasping roots grab you!
Grinder is unaffected.
The adder is unaffected.
The grasping roots constrict you.
A rat comes into view.
Unknown command.
You completely miss Grinder.
Grinder is lightly wounded.
You miss the adder. You hit the adder.
The adder bites you but does no damage. x2
Grinder hits you. The grasping roots constrict you.
* * * LOW HITPOINT WARNING * * *
You block the adder's attack. The adder bites you but does no damage.
You feel very mighty all of a sudden. Grinder barely misses you.
The grasping roots constrict you.
* * * LOW HITPOINT WARNING * * *
The adder bites you but does no damage. x2
The grasping roots release their grip on you.
You hit Grinder. Your headbutt misses Grinder.
Grinder is moderately wounded.
You hit the rat.
You kill the rat!
You closely miss the adder. You hit the adder.
The adder bites you but does no damage. x2; Grinder zaps a wand.
The roots erupt in riotous growth!
The grasping roots grab you!
Grinder is unaffected.
The adder is unaffected. x2
The grasping roots constrict you.
* * * LOW HITPOINT WARNING * * *
The adder barely misses you. You furiously retaliate!
You headbutt the adder!
You kill the adder!
You block the adder's attack. Grinder hits you.
* * * LOW HITPOINT WARNING * * *
You writhe in agony.
* * * LOW HITPOINT WARNING * * *
The grasping roots constrict you!
You die...

#.# #.## #..
######.#
##......#
#~~.~~..#
##....~..#
....~.5.~#######
###...†@.$.....#
.....#S..#####.#
##..##.#.# #$.
#.#.# #. #.#.# #
#.#.# #.#).
...## .#


You could see Grinder and an adder.

Vanquished Creatures
  2 adders
  3 dart slugs
  2 bats (D:1)
  5 endoplasms
  A giant cockroach (D:2)
  4 goblins (D:1)
  5 hobgoblins
  12 jackals (D:1)
  2 quokkas (D:1)
  7 ball pythons
  5 frilled lizards
  3 kobolds (D:1)
  5 rats
56 creatures vanquished.

Notes
Turn   | Place    | Note
-------+----------+-------------------------------------------
     0 | D:1      | seaoflcl the Minotaur Fighter began the quest for the Orb.
     0 | D:1      | Reached XP level 1. HP: 19/19 MP: 0/0
    54 | D:1      | Found a faded altar of an unknown god.
    68 | D:1      | Reached XP level 2. HP: 23/27 MP: 1/1
    75 | D:1      | Got Plato's Spellbook of Fulmination
   236 | D:1      | Reached XP level 3. HP: 30/33 MP: 2/2
   707 | D:1      | Found Unaim's Armour Shoppe.
  1028 | D:2      | Reached XP level 4. HP: 40/40 MP: 3/3
  1071 | D:2      | You fall into a shaft and drop 1 floor!
  1075 | D:3      | Noticed Grinder
  1086 | D:3      | HP: 2/40 [Grinder (2)]
  1086 | D:3      | Constricted to death by Grinder

Illustrated notes

Levels and vault maps discovered:
D:1:      lemuel_arrival_river_bridge, layout_basic, serial_shops, shop,
          shapermc_ecumenical_altar_rom_forum, minmay_distorted
D:2:      layout_basic
D:3:      layout_loops_ring, gammafunk_temple_overflow_pools, serial_rivers,
          chequers_serial_rivers_room_b, chequers_serial_rivers_large_b,
          chequers_serial_rivers_marsh, chequers_serial_rivers_micro_c,
          chequers_serial_rivers_micro_e, moated_statue, minmay_misc_feat_tower,
          uniq_terence, uniq_grinder

Skill      XL: |  1  2  3 |
---------------+----------+-----
Axes           | 3 |  3.8
Shields        | 4 |  4.2
Fighting       | 4 |  4.2
Armour         | 4 |  4.2

Action                     |  1- 3 |  4- 6 || total
---------------------------+-------+-------++-------
  Melee: War axe           |   105 |    13 ||   118
         Headbutt          |    11 |       ||    11
    Use: Potion            |       |     1 ||     1
 Armour: Scale mail        |    59 |    11 ||    70
  Dodge: Dodged            |    51 |    14 ||    65
  Block: Buckler           |    28 |     7 ||    35
